 Dungeon Crawl Stone Soup version 0.19.1-1-g22dce08 (webtiles) character file.

56 Nether the Skirmisher (level 3, 0/29 HPs)
             Began as a Demonspawn Abyssal Knight on Jan 2, 2017.
             Was a Follower of Lugonu.
             Slain by a gnoll
             ... wielding a +0 spear of piercing
              (1 damage)
             ... on level 2 of the Dungeon.
             The game lasted 00:16:39 (1645 turns).

Nether the Skirmisher (Demonspawn Abyssal Knight)   Turns: 1645, Time: 00:16:40

Health: 0/29       AC:  3    Str: 13    XL:     3   Next: 71%
Magic:  14/14      EV: 11    Int: 13    God:    Lugonu [*.....]
Gold:   47         SH:  0    Dex: 12    Spells: 0 memorised, 2 levels left

rFire  . . .     SeeInvis .     o - +0 long sword
rCold  . . .     Gourm    .     b - +0 leather armour
rNeg   . . .     Faith    .     (no shield)
rPois  .         Spirit   .     (no helmet)
rElec  .         Reflect  .     (no cloak)
rCorr  .         Harm     .     (no gloves)
MR     .....                    (no boots)
Stlth  +.........               (no amulet)
                                (no ring)
                                h - ring of magical power

@: no status effects
A: powered by pain 1
a: Depart the Abyss, Renounce Religion


You were on level 2 of the Dungeon.
You worshipped Lugonu.
Lugonu was aware of your devotion.
You were full.

You visited 1 branch of the dungeon, and saw 2 of its levels.
You visited the Abyss 1 time.

You collected 47 gold pieces.

Inventory:

Hand Weapons
 a - a +1 spear
 e - a +0 hunting sling
 o - a +0 long sword (weapon)
Missiles
 d - 39 stones (quivered)
Armour
 b - a +0 leather armour (worn)
 f - a +0 robe
Jewellery
 h - a ring of magical power (left hand)
Scrolls
 g - a scroll of remove curse {unknown}
 l - a scroll of immolation {unknown}
 m - a scroll of amnesia {unknown}
 n - a scroll of enchant weapon {unknown}
Potions
 i - a potion of cancellation {unknown}
Comestibles
 c - 4 fruits
 j - a meat ration
 k - a bread ration


   Skills:
 + Level 3.6 Fighting
 + Level 2.4 Polearms
 + Level 2.3 Armour
 + Level 1.1 Dodging
 + Level 2.7 Invocations


You had 2 spell levels left.
You didn't know any spells.

Dungeon Overview and Level Annotations

Branches:
Dungeon (2/15)

Altars:


Innate Abilities, Weirdness & Mutations

You sometimes gain a little power by taking damage.


Message History

k - a bread ration A gnoll comes into view.
It is wielding a spear of piercing.
A gnoll comes into view. It is wielding a halberd.
The gnoll shouts!
A gnoll comes into view.
The gnoll shouts!
The gnoll hits you from afar with a spear of piercing.
A gnoll comes into view.
The gnoll shouts!
The gnoll closely misses you.
You hit the gnoll.
The gnoll is lightly wounded.
The gnoll closely misses you.
The gnoll hits you with a spear of piercing!
* * * LOW HITPOINT WARNING * * *
x2 You barely miss the gnoll.
The gnoll is lightly wounded.
The gnoll hits you with a spear of piercing.
* * * LOW HITPOINT WARNING * * *
You die...

#..............
..####.....)........
.....................
#######........######
.....<.#.###### ###
######.#.#########.. ##.
#.#............
.....#####.######...##..
....ggg@................
....g#####.######...##..
... ....# #...##.. .
###..# #...#### ...#
#...# ##.# ##### .# .#


You could see 4 gnolls.

Vanquished Creatures
  2 adders (D:2)
  2 dart slugs (D:1)
  A leopard gecko (D:1)
  A ball python (D:1)
  A bat (D:2)
  4 giant cockroaches
  5 goblins
  3 hobgoblins (D:1)
  2 jackals (D:1)
  7 kobolds
  2 frilled lizards (D:1)
  A rat (D:1)
31 creatures vanquished.

Notes
Turn   | Place    | Note
-------+----------+-------------------------------------------
     0 | Abyss:1  | Nether the Demonspawn Abyssal Knight began the quest for the Orb.
     0 | Abyss:1  | Reached XP level 1. HP: 18/18 MP: 2/2
    12 | D:1      | Escaped the Abyss
   272 | D:1      | Reached skill level 1 in Dodging
   350 | D:1      | Reached * piety under Lugonu
   350 | D:1      | Gained mutation: You sometimes gain a little power by taking damage. [demonic ancestry]
   350 | D:1      | Reached XP level 2. HP: 3/24 MP: 4/4
  1153 | D:1      | Reached XP level 3. HP: 27/29 MP: 5/5
  1645 | D:2      | HP: 1/29 [gnoll/spear of piercing (1)]
  1645 | D:2      | Slain by a gnoll

Skill      XL: |  1  2 |
---------------+-------+-----
Dodging        | 1 |  1.1
Armour         | 2 |  2.3
Polearms       | 2 |  2.4
Fighting       | |  3.6
Invocations    | |  2.7

Action                   || total
-------------------------++-------
Melee: Spear             ||    99
       Long sword        ||    29
Invok: Depart the Abyss  ||     1
  Eat: Bread ration      ||     1
       Fruit             ||     1
       Pizza             ||     1
Armor: Leather armour    ||    32
Dodge: Dodged            ||    89
       Rpst.: Long sword ||     8
